 Dungeon Crawl Stone Soup version 0.22-a0-247-gbddf880 (webtiles) character file.

7865 Amnesiac the Slicer (level 11, -4/66 HPs)
             Began as a Deep Elf Berserker on Feb 26, 2018.
             Was a High Priest of Trog.
             Slain by a crocodile (9 damage)
             ... on level 10 of the Dungeon.
             The game lasted 00:28:40 (10488 turns).

Amnesiac the Slicer (Deep Elf Berserker)           Turns: 10488, Time: 00:28:41

Health: -4/66      AC:  6    Str: 20      XL:     11   Next: 2%
Magic:  19/19      EV:  6    Int: 13      God:    Trog [*****.]
Gold:   509        SH: 10    Dex: 13 (14) Spells: 10/10 levels left

rFire    . . .     SeeInvis .   a - +2 dagger (venom)
rCold    . . .     Gourm    .   j - +0 shield
rNeg     . . .     Faith    .   L - +0 plate armour
rPois    .         Spirit   .   m - +0 helmet
rElec    .         Reflect  .   (no cloak)
rCorr    .         Harm     .   (no gloves)
MR       +++..                  F - +0 pair of boots
Stlth    ..........             (no amulet)
HPRegen  1.21/turn              o - +3 ring of protection
MPRegen  0.16/turn              E - +3 ring of strength

@: lethally poisoned (-4 -> -22), corroded, berserk cooldown, regenerating,
slowed, drained, very slow
A: MP-powered wands
a: Berserk, Trog's Hand, Brothers in Arms, Renounce Religion


You were on level 10 of the Dungeon.
You worshipped Trog.
Trog was extremely pleased with you.
You were very hungry.

You visited 1 branch of the dungeon, and saw 10 of its levels.

You collected 509 gold pieces.

Inventory:

Hand Weapons
 a - a +2 dagger of venom (weapon)
 b - a +0 hunting sling
 A - a +0 blowgun
 U - a +3 scimitar of freezing
Missiles
 f - 364 stones (quivered)
 y - 39 poisoned needles
 O - 105 sling bullets
 Q - 7 curare-tipped needles
 R - a throwing net
 T - 2 tomahawks of returning
 V - 2 needles of sleeping
Armour
 j - a +0 shield (worn)
 m - a +0 helmet (worn)
 F - a +0 pair of boots (worn)
 G - a +2 buckler
 L - a +0 plate armour (worn)
Jewellery
 o - a +3 ring of protection (left hand)
 E - a +3 ring of strength (right hand)
 H - an uncursed ring of see invisible
 K - the ring of Loyfierph {rF++ Int+2 Dex+2 Stlth-}
   (You found it on level 6 of the Dungeon)

   [ring of dexterity]

   It affects your intelligence (+2).
   It affects your dexterity (+2).
   It greatly protects you from fire.
   It makes you less stealthy.
 M - the ring of Riam {rElec Str-2 Int+9 Dex-2 SInv}
   (You found it on level 7 of the Dungeon)

   [ring of see invisible]

   It affects your strength (-2).
   It affects your intelligence (+9).
   It affects your dexterity (-2).
   It insulates you from electricity.
   It lets you see invisible.
Wands
 l - a wand of random effects (37)
 q - a wand of acid (14)
 v - a wand of flame (24)
 C - a wand of clouds (6)
Scrolls
 e - a scroll of random uselessness {!r, unknown}
 i - 2 scrolls of teleportation {!r, unknown}
 k - 2 scrolls of fear {!r, unknown}
 n - 7 scrolls of remove curse {!r, unknown}
 p - 4 scrolls of blinking {!r, unknown}
 s - 3 scrolls of fog {!r, unknown}
 w - 4 scrolls of magic mapping {!r, unknown}
 x - 2 scrolls of amnesia {!r, unknown}
 B - a scroll of enchant weapon {!r}
 D - 3 scrolls of noise {!r, unknown}
 I - a scroll of vulnerability {!r}
 J - 2 scrolls of identify {!r}
 N - a scroll of enchant armour {!r, unknown}
 P - a scroll of holy word {!r}
 S - a scroll of torment {!r, unknown}
Potions
 d - a potion of might {!q}
 g - 2 potions of resistance {!q}
 r - 2 potions of heal wounds {!q}
 t - 3 potions of curing {!q}
 u - a potion of mutation {!q}
 z - a potion of agility {!q}
Comestibles
 c - 23 rations
 h - 2 chunks of flesh


   Skills:
 * Level 6.8(6.2) Fighting
 - Level 8.0(7.4) Short Blades
 * Level 6.7(6.1) Armour
 + Level 6.7(6.1) Dodging
 - Level 5.0(4.4) Shields
 + Level 8.0(7.4) Evocations


You had 10 spell levels left.
You didn't know any spells.

Dungeon Overview and Level Annotations

Branches:
Dungeon (10/15)            Temple (0/1) D:4            Lair (0/6) D:10
    Orc: D:9-12

Altars:
Ashenzari
Cheibriados
Elyvilon
Hepliaklqana
Kikubaaqudgha
Makhleb
Nemelex Xobeh
Okawaru
Sif Muna
Trog
Wu Jian
Xom
Zin

Annotations:
D:10 exclusion: obsidian statue, Xenophilius's ghost, journeyman MfTm


Innate Abilities, Weirdness & Mutations

You expend magic power (3 MP) to strengthen your wands.


Message History

The rust devil corrodes you!
You hit the obsidian statue but do no damage.
The obsidian statue is moderately damaged.
You feel sick.
You hit the obsidian statue.
The obsidian statue is moderately damaged.
You feel sick. The quasit closely misses you. You block the quasit's attack.
The quasit claws you but does no damage.
You hit the obsidian statue.
The obsidian statue is heavily damaged.
You block the orange demon's attack. The rust devil hits you.
The rust devil corrodes you!
The orange demon stings you but does no damage.
You hit the obsidian statue but do no damage.
The obsidian statue is heavily damaged.
You feel sick. You block the iron imp's attack. You block the quasit's attack.
The quasit barely misses you. x2
You hit the obsidian statue.
The obsidian statue is heavily damaged.
You feel sick. You block the orange demon's attack. The rust devil hits you.
The rust devil corrodes you! The orange demon completely misses you.
You hit the obsidian statue.
The obsidian statue is heavily damaged.
You block the quasit's attack.
The quasit claws you but does no damage.
The quasit claws you.
You feel clumsy. You block the iron imp's attack.
You hit the obsidian statue but do no damage.
The obsidian statue is heavily damaged.
You feel sick. You block the orange demon's attack. The rust devil hits you.
The rust devil corrodes you! The orange demon stings you from afar.
You feel sick.
The quasit bites you but does no damage.
You block the quasit's attack. x2; The orange demon stings you from afar.
You are more poisoned.
The orange demon poisons you!
You feel a strong urge to attack something.
You feel sick.
You are no longer berserk.
You are exhausted.
You feel yourself slow down.
You feel sick.
You feel very sick.
The quasit bites you but does no damage.
The quasit completely misses you. The quasit barely misses you.
You feel very sick.
The quasit bites you but does no damage.
The quasit barely misses you. You block the quasit's attack.
The orange demon stings you from afar!
* * * LOW HITPOINT WARNING * * *
You are lethally poisoned!
The orange demon poisons you! You block the crocodile's attack.
* * * LOW HITPOINT WARNING * * *
You feel extremely sick. The crocodile bites you!
* * * LOW HITPOINT WARNING * * *
There is a stone staircase leading up here.
* * * LOW HITPOINT WARNING * * *
You feel very sick.
The orange demon stings you but does no damage.
The obsidian statue's eyes glow briefly.
The obsidian statue attempts to bespell you!
You resist with almost no effort. The crocodile bites you!
You die...

#..............###...##.# #.#
#.............# #..#.#.# #.#
##.......8(....####.###..###.##
#.>...........$....## ##..##...
#...............#.# #.#......
#..........5......# #....##.##
#...........4.54.####..##...>...
#..#..........4t.......##..##.##
#..#.###.#.##.#@.......##..##.#
#..#.##.###.##.............##.#
#..#...# #.#.................
#..#### ##.#./########.##..
.....# #.. .....## #. ..#####
###


You could see an obsidian statue, 2 orange demons, a rust devil, a crocodile, a
quasit and a shadow imp.

Vanquished Creatures
  2 two-headed ogres
  Pikel (D:4)
  Joseph (D:9)
  A troll (D:9)
  Prince Ribbit (D:8)
  Grinder (D:5)
  A vampire (D:9)
  Eustachio (D:6)
  The ghost of Regeox the Skirmisher, an amateur HOFi (D:4)
  A yak (D:10)
  Grum (D:9)
  2 porcupines (D:10)
  2 ice beasts (D:8)
  A sky beast (D:9)
  3 orc warriors
  4 slaves (D:4)
  3 ogres
  2 phantoms
  3 wolves (D:9)
  2 centaurs (D:8)
  A crocodile (D:9)
  3 big kobolds
  7 bullfrogs
  A wyvern skeleton (D:8)
  A gnoll sergeant (D:8)
  A water moccasin skeleton (D:6)
  4 scorpions
  6 killer bees
  5 wights (D:9)
  3 crimson imps
  2 jellies
  2 centaur skeletons
  3 orc priests
  2 bullfrog skeletons
  4 hounds
  Ijyb (D:3)
  4 worker ants
  5 iguanas
  10 orc wizards
  2 hound skeletons
  Robin (D:3)
  A worker ant zombie (D:10)
  A howler monkey zombie (D:5)
  13 gnolls
  7 adders
  2 oozes
  An adder skeleton (D:9)
  2 adder zombies
  4 worms
  2 dart slugs (D:3)
  5 leopard geckos
  24 orcs
  4 bats
  5 giant cockroaches
  17 goblins
  6 hobgoblins
  10 jackals (D:9)
  25 kobolds
  2 quokkas (D:3)
  4 ball pythons
  3 frilled lizards
  3 giant cockroach zombies
  A jackal skeleton (D:8)
  6 rats
  A fungus (D:10)
251 creatures vanquished.

Vanquished Creatures (others)
  10 fungi (D:10)
  3 plants (D:10)
13 creatures vanquished.

Grand Total: 264 creatures vanquished

Notes
Turn   | Place    | Note
-------+----------+-------------------------------------------
     0 | D:1      | Amnesiac the Deep Elf Berserker began the quest for the Orb.
     0 | D:1      | Reached XP level 1. HP: 13/13 MP: 3/3
   513 | D:1      | Reached XP level 2. HP: 15/18 MP: 4/4
   856 | D:2      | Reached XP level 3. HP: 22/22 MP: 5/5
   903 | D:2      | Found a snail-covered altar of Cheibriados.
  1169 | D:2      | Reached ** piety under Trog
  1170 | D:2      | Reached XP level 4. HP: 27/27 MP: 6/6
  1262 | D:2      | Reached skill level 5 in Short Blades
  1590 | D:3      | Noticed Ijyb
  1604 | D:3      | Killed Ijyb
  1907 | D:3      | Found a bloodstained altar of Trog.
  1942 | D:3      | Reached XP level 5. HP: 22/31 MP: 7/7
  2159 | D:3      | Found a glowing silver altar of Zin.
  2161 | D:3      | Noticed Robin
  2175 | D:3      | Reached *** piety under Trog
  2196 | D:3      | Killed Robin
  2227 | D:3      | Found an iron altar of Okawaru.
  2233 | D:3      | Found a sparkling altar of Nemelex Xobeh.
  2233 | D:3      | Found a white marble altar of Elyvilon.
  2234 | D:3      | Found a shattered altar of Ashenzari.
  2248 | D:3      | Found an ornate altar of the Wu Jian Council.
  2404 | D:4      | Noticed Regeox's ghost (amateur HOFi)
  2418 | D:4      | Killed Regeox's ghost
  2418 | D:4      | Reached XP level 6. HP: 36/36 MP: 8/8
  2621 | D:4      | Found a staircase to the Ecumenical Temple.
  2760 | D:4      | Reached XP level 7. HP: 39/40 MP: 9/9
  2764 | D:4      | Noticed Pikel
  2782 | D:4      | Killed Pikel
  2782 | D:4      | Reached skill level 5 in Evocations
  3194 | D:5      | Entered Level 5 of the Dungeon
  3295 | D:5      | Reached skill level 1 in Shields
  3295 | D:5      | Reached XP level 8. HP: 22/45 MP: 14/14
  3849 | D:5      | Found a hazy altar of Hepliaklqana.
  3849 | D:5      | Found a burning altar of Makhleb.
  3851 | D:5      | Noticed Grinder
  3852 | D:5      | Found an ancient bone altar of Kikubaaqudgha.
  3871 | D:5      | Killed Grinder
  3881 | D:5      | Found a deep blue altar of Sif Muna.
  3913 | D:5      | Reached **** piety under Trog
  4114 | D:5      | Found a bloodstained altar of Trog.
  4911 | D:6      | Got a twitching silver ring
  4913 | D:6      | Identified the ring of Loyfierph {rF++ Int+2 Dex+2 Stlth-} (You found it on level 6 of the Dungeon)
  5010 | D:6      | Noticed Eustachio
  5016 | D:6      | Killed Eustachio
  5518 | D:6      | Reached XP level 9. HP: 51/51 MP: 15/15
  5812 | D:7      | Got a clouded lead ring
  5816 | D:7      | Identified the ring of Riam {rElec Str-2 Int+9 Dex-2 SInv} (You found it on level 7 of the Dungeon)
  5943 | D:7      | Got a smelly ring mail
  6414 | D:7      | Found a white marble altar of Elyvilon.
  6598 | D:8      | Noticed Prince Ribbit
  6613 | D:8      | Killed Prince Ribbit
  6666 | D:8      | Noticed a two-headed ogre
  6674 | D:8      | Killed a two-headed ogre
  6689 | D:8      | Found a shimmering altar of Xom.
  6690 | D:8      | Found a shimmering altar of Xom.
  6691 | D:8      | Found a shimmering altar of Xom.
  6691 | D:8      | Found a shimmering altar of Xom.
  6691 | D:8      | Found a shimmering altar of Xom.
  6763 | D:8      | Reached skill level 5 in Fighting
  6763 | D:8      | Reached skill level 5 in Armour
  6763 | D:8      | Reached skill level 5 in Dodging
  6767 | D:8      | Reached ***** piety under Trog
  6807 | D:8      | Identified the +1 ring mail "Befozxu" {*Corrode rPois MR+++ Int-4} (You found it on level 7 of the Dungeon)
  6830 | D:8      | Found a shimmering altar of Xom.
  7069 | D:8      | Reached XP level 10. HP: 59/59 MP: 17/17
  8100 | D:9      | Noticed Grum
  8123 | D:9      | Killed Grum
  8467 | D:9      | Received a gift from Trog
  8569 | D:9      | Noticed Joseph
  8729 | D:9      | Killed Joseph
  9210 | D:10     | Entered Level 10 of the Dungeon
  9298 | D:10     | Noticed Xenophilius's ghost (journeyman MfTm)
  9661 | D:10     | Noticed an obsidian statue
  9663 | D:10     | Noticed a two-headed ogre
  9750 | D:9      | Killed a two-headed ogre
  9974 | D:10     | Found a staircase to the Lair.
 10057 | D:9      | Reached skill level 5 in Shields
 10057 | D:9      | Reached XP level 11. HP: 51/66 MP: 17/19
 10344 | D:10     | Received a gift from Trog
 10356 | D:10     | Gained mutation: You expend magic power (3 MP) to strengthen your wands. [a neqoxec]
 10488 | D:10     | Slain by a crocodile

Vault maps used:
D:1:      minmay_arrival_nine_rooms
D:2:      lemuel_doored_altar
D:3:      minitemple, first_ration, trog_butcher_becter, uniq_robin, uniq_ijyb
D:4:      minmay_temple_entry_butterflies, minmay_close_crescents, uniq_pikel
D:5:      lightli_temple_of_fire, nicolae_overflow_quartered_altars,
          uniq_grinder
D:6:      hangedman_decor_slide_cut, uniq_eustachio
D:7:      grunt_ogre_cave, elyvilon_altar_5
D:8:      xom_redecorated, nrook_mini_vaults, uniq_prince_ribbit1
D:9:      uniq_joseph, uniq_grum
D:10:     due_lair_maze_entry_diamond, serial_shops, shop, minivault_16,
          grunt_ministairs_9

Skill      XL: |  1  2  3  4  5  6  7  8  9 10 |
---------------+-------------------------------+-----
Short Blades   | 4 5 7 8 |  8.0
Evocations     | 5 7 8 |  8.0
Shields        | 1 4 5 |  5.0
Armour         | 3 5 6 |  6.7
Fighting       | 3 5 6 |  6.8
Dodging        | 3 5 6 |  6.7

Action                   |  1- 3 |  4- 6 |  7- 9 | 10-12 || total
-------------------------+-------+-------+-------+-------++-------
Melee: Short sword       |    97 |   210 |   635 |   131 ||  1073
       Dagger            |       |       |       |   502 ||   502
       Scimitar          |       |       |       |    16 ||    16
Invok: Berserk           |     2 |     5 |     9 |    13 ||    29
       Trog's Hand       |       |       |       |     1 ||     1
Evoke: Wand              |       |       |    11 |     5 ||    16
  Use: Scroll            |       |       |    10 |       ||    10
 Stab: Sleeping          |     1 |       |       |       ||     1
       Paralysed         |       |       |    14 |       ||    14
       Distracted        |       |       |     2 |       ||     2
  Eat: Chunk             |     2 |     8 |    22 |    17 ||    49
       Ration            |       |     1 |       |     2 ||     3
Armor: Ring mail         |    22 |    73 |    57 |       ||   152
       Animal skin       |     1 |       |       |       ||     1
       Plate armour      |       |       |   116 |   239 ||   355
Dodge: Dodged            |    39 |    95 |   173 |   161 ||   468
Block: Buckler           |       |       |   132 |   125 ||   257
       Shield            |       |       |       |    39 ||    39

Table legend:
 A = Spawn XP
 B = Non-spawn XP
 C = Spawn XP percentage of total XP
 D = Spawn monster count
 E = Non-spawn monster count
 F = Spawn count percentage of total count
 G = Total turns spent on level
                    A         B        C        D         E        F      G
               +---------+---------+-------+---------+---------+-------+---------
         Total |       0 |   11237 |   0.0 |       0 |     246 |   0.0 | 10488
               +---------+---------+-------+---------+---------+-------+---------
           D:1 |       0 |      22 |   0.0 |       0 |      13 |   0.0 |   807
           D:2 |       0 |      89 |   0.0 |       0 |      21 |   0.0 |   655
           D:3 |       0 |     174 |   0.0 |       0 |      33 |   0.0 |   970
           D:4 |       0 |    1054 |   0.0 |       0 |       9 |   0.0 |   762
           D:5 |       0 |     791 |   0.0 |       0 |      26 |   0.0 |  1508
           D:6 |       0 |     766 |   0.0 |       0 |      24 |   0.0 |  1032
           D:7 |       0 |     707 |   0.0 |       0 |      19 |   0.0 |   862
           D:8 |       0 |    2429 |   0.0 |       0 |      30 |   0.0 |  1283
           D:9 |       0 |    4505 |   0.0 |       0 |      63 |   0.0 |  2097
          D:10 |       0 |     700 |   0.0 |       0 |       8 |   0.0 |   512
               +---------+---------+-------+---------+---------+-------+---------
